 Dungeon Crawl Stone Soup version 0.28-a0-1235-g7c8fac35f0 (webtiles) character file.

Game seed: 8108727470048681593

10402 funkygono the Thaumaturge (level 11, -2/82 HPs)
             Began as a Yellow Draconian Fire Elementalist on Dec 24, 2021.
             Was a Priest of Vehumet.
             Slain by a skeletal warrior (22 damage)
             ... on level 11 of the Dungeon.
             The game lasted 00:34:41 (15073 turns).

funkygono the Thaumaturge (DrFE)                   Turns: 15073, Time: 00:34:42

Health: -2/82      AC: 17    Str: 10    XL:     11   Next: 35%
Magic:  17/24      EV: 10    Int: 19    God:    Vehumet [***...]
Gold:   586        SH:  9    Dex: 13    Spells: 9/29 levels left

rFire   + . .      SeeInvis .   D - +7 Screaming Sword {vorpal, sonic wave}
rCold   x . .      Faith    .   I - +2 kite shield
rNeg    . . .      Spirit   .   (armour unavailable)
rPois   .          Reflect  .   B - +1 hat
rElec   .          Harm     .   m - +2 cloak {Stlth+}
rCorr   +          Rampage  .   j - +0 pair of gloves
Will    .....                   E - +0 pair of boots
Stlth   +++.......              (no amulet)
HPRegen 0.23/turn               C - ring of fire
MPRegen 0.19/turn               k - +4 ring of protection

@: no status effects
A: spit acid, AC +7, unfitting armour, cold-blooded, acid resistance
a: Breathe Acid, Renounce Religion


You were on level 11 of the Dungeon.
You worshipped Vehumet.
Vehumet was most pleased with you.
You visited 2 branches of the dungeon, and saw 12 of its levels.

You collected 586 gold pieces.

Inventory:

Hand Weapons
 D - the +7 Screaming Sword (weapon) {vorpal, sonic wave}
   (You found it on level 6 of the Dungeon)

   It inflicts extra damage upon your enemies.
   It radiates damaging sonic waves as it strikes, especially in combat
   involving dangerous or numerous foes.
 K - a +4 scimitar of flaming
Missiles
 d - 451 stones
 g - a throwing net
Armour
 j - a +0 pair of gloves (worn)
 m - a +2 cloak of stealth (worn)
 B - a +1 hat (worn)
 E - a +0 pair of boots (worn)
 I - a +2 kite shield (worn)
Jewellery
 i - a ring of see invisible
 k - a +4 ring of protection (right hand)
 C - a ring of fire (left hand)
 J - a ring of wizardry
Wands
 q - a wand of flame (66)
 t - a wand of acid (9)
 O - a wand of iceblast (5)
 P - a wand of paralysis (4)
Scrolls
 b - a scroll of identify
 h - a scroll of blinking
 v - 2 scrolls of magic mapping
 w - 2 scrolls of holy word
 y - a scroll of fog
Potions
 a - 2 potions of ambrosia
 c - 3 potions of curing
 f - 3 potions of brilliance
 o - 2 potions of lignification
 p - a potion of magic
 s - a potion of flight
 u - a potion of cancellation
 x - 4 potions of mutation
 H - 2 potions of heal wounds
 N - a potion of berserk rage
 Q - a potion of might
Miscellaneous
 e - a phial of floods


   Skills:
 + Level 3.5 Fighting
 + Level 5.5 Long Blades
 + Level 2.4 Maces & Flails
 + Level 4.4 Dodging
 - Level 1.7 Stealth
 * Level 9.6 Spellcasting
 * Level 8.5 Conjurations
 * Level 9.5 Fire Magic


You had 9 spell levels left.
You knew the following spells:

 Your Spells              Type           Power      Damage    Failure   Level
a - Foxfire               Conj/Fire      100%       2x1d9     1%          1
b - Scorch                Fire           100%       2d10      1%          2
c - Conjure Flame         Conj/Fire      60%        6-21      1%          3
d - Flame Wave            Conj/Fire      60%        2d10      3%          4
e - Sticky Flame          Conj/Fire      60%        2d8       3%          4
f - Static Discharge      Conj/Air       25%        N/A       4%          2
g - Sandblast             Erth           18%        2d7       14%         1
h - Stone Arrow           Conj/Erth      50%        3d10      8%          3

Your spell library contained the following spells:

 Spells                   Type           Power      Damage    Failure   Level
 Magic Dart               Conj           100%       1d8       1%          1
 Inner Flame              Hex/Fire       40%        N/A       6%          3
 Mephitic Cloud           Conj/Pois/Air  19%        N/A       13%         3
 Freeze                   Ice            36%        1d6       14%         1
 Hailstorm                Conj/Ice       25%        3d7       24%         4
 Frozen Ramparts          Ice            18%        1d3       36%         3
 Beastly Appendage        Tmut           18%        N/A       47%         1
 Pain                     Necr           36%        1d5       47%         1
 Call Imp                 Summ           9%         N/A       63%         2
 Wereblood                Tmut           9%         N/A       63%         2
 Spider Form              Tmut/Pois      9%         N/A       85%         3
 Dispel Undead            Necr           9%         3d8       99%         4
 Agony                    Necr           9%         N/A       100%        5
 Excruciating Wounds      Necr           4%         N/A       100%        5


Dungeon Overview and Level Annotations

Branches:
Dungeon (11/15)            Temple (1/1) D:4            Lair (0/6) D:9
    Orc: D:9-12

Altars:
Ashenzari
Cheibriados
Dithmenos
Elyvilon
Fedhas
Gozag
Hepliaklqana
Kikubaaqudgha
Makhleb
Nemelex Xobeh
Okawaru
Qazlal
Ru
Sif Muna
Trog
Uskayaw
Vehumet
Wu Jian
Xom
Yredelemnul
Zin
The Shining One

Shops:
D:5 =   D:8 =   D:9 ?


Innate Abilities, Weirdness & Mutations

You can spit globs of acid.
Your golden yellow scales are hard. (AC +7)
You cannot fit into any form of body armour.
You are cold-blooded and may be slowed by cold attacks.
You are resistant to acid. (rCorr)


Message History

The skeletal warrior is moderately damaged. x2
The skeletal warrior is heavily damaged.
The skeletal warrior is moderately damaged.
You hear a shout! x3; You hear two shouts!
The skeletal warrior hits you with a +0 mace.
The skeletal warrior hits you with a +0 scimitar!
The skeletal warrior barely misses you.
You block the skeletal warrior's attack.
You closely miss the skeletal warrior.
You tail-slap the skeletal warrior, but do no damage.
The skeletal warrior is moderately damaged.
The skeletal warrior hits you with a +0 scimitar!
The skeletal warrior hits you but does no damage.
The skeletal warrior hits you with a +0 short sword!
You block the skeletal warrior's attack.
Casting: Foxfire (safe; 1% risk of failure)
Confirm with . or Enter, or press ? or * to list all spells.
Casting: Flame Wave (dangerous; 3% risk of failure)
Press: ? - help, Dir - look around, f - activate You feel a surge of power!
A wave of flame ripples out!
The flame wave engulfs the skeletal warrior.
The skeletal warrior is heavily damaged.
The flame wave engulfs the skeletal warrior!
The skeletal warrior is heavily damaged.
The flame wave engulfs the skeletal warrior!
The skeletal warrior is heavily damaged. (Press . to intensify the flame waves.)
The skeletal warrior hits you with a +0 mace!
You block the skeletal warrior's attack.
The skeletal warrior hits you with a +0 scimitar!!
* * * LOW HITPOINT WARNING * * *
A wave of flame ripples out!
The flame wave engulfs the skeletal warrior but does no damage.
The skeletal warrior is heavily damaged.
The flame wave engulfs the skeletal warrior.
The skeletal warrior is severely damaged.
The flame wave engulfs the skeletal warrior!
The skeletal warrior is severely damaged.
The skeletal warrior hits you with a +0 mace!!
You die...

.............#
.............#
.............#
.............#
.............#
.............###
......z.........
......z@........
......z$........
#....####........
#....# #...##### #....#
#...#######
#....####..........
#####..................
.......................
.......................


You could see 3 skeletal warriors.

Vanquished Creatures
  A hydra (D:9)
  Erica (D:8)
  2 two-headed ogres (D:10)
  A gargoyle (D:10)
  An unseen horror (D:10)
  The ghost of mcsplat the Carver, an amateur MiGl of Trog (D:4)
  The ghost of Killmatronix the Vandal, an amateur HuHu (D:3)
  Grinder (D:5)
  Sigmund (D:5)
  A shadow (D:9)
  6 yaks
  Eustachio (D:4)
  A steam dragon (D:8)
  Edmund (D:4)
  3 water moccasins
  An acid dragon (D:9)
  8 orc warriors
  A hornet zombie (D:3)
  2 ogres
  2 necrophages
  4 centaurs
  A phantom (D:3)
  3 kobold brigands
  6 scorpions
  3 bullfrogs (D:9)
  4 gnoll sergeants
  A water moccasin zombie (D:6)
  7 killer bees (D:9)
  3 electric eels (D:9)
  5 wights (D:6)
  3 howler monkeys
  A bullfrog zombie (D:6)
  4 hounds
  2 centaur zombies
  A centaur skeleton (D:7)
  A gnoll shaman (D:8)
  2 jellies (D:6)
  6 orc priests
  A bullfrog skeleton (D:6)
  3 iguanas (D:5)
  5 orc wizards
  A killer bee zombie (D:8)
  2 howler monkey zombies
  16 gnolls
  13 adders
  3 howler monkey skeletons
  A shadow imp (D:7)
  A white imp (D:6)
  An ufetubus (D:6)
  2 adder skeletons
  2 worms (D:2)
  3 dart slugs
  33 orcs
  3 ball pythons
  7 endoplasms
  3 giant cockroaches
  10 hobgoblins
  2 quokkas
  16 bats
  6 frilled lizards
  4 goblins
  18 kobolds
  8 rats
258 creatures vanquished.

Vanquished Creatures (collateral kills)
  2 foxfires
2 creatures vanquished.

Vanquished Creatures (others)
  840 foxfires
  45 fungi
  38 plants
923 creatures vanquished.

Grand Total: 1183 creatures vanquished

Notes
Turn   | Place    | Note
-------+----------+-------------------------------------------
     0 | D:1      | funkygono the Draconian Fire Elementalist began the quest
                  | for the Orb.
     0 | D:1      | Reached XP level 1. HP: 14/14 MP: 3/3
   263 | D:1      | Reached XP level 2. HP: 20/20 MP: 1/5
   318 | D:1      | Learned a level 2 spell: Scorch
  1146 | D:2      | Reached XP level 3. HP: 26/26 MP: 1/6
  1150 | D:2      | Learned a level 3 spell: Conjure Flame
  2293 | D:2      | Reached XP level 4. HP: 33/33 MP: 3/7
  2435 | D:2      | Identified a scroll of acquirement
  2435 | D:2      | Acquired a +2 cloak of stealth
  2938 | D:3      | Found a transporter.
  2939 | D:3      | Noticed Killmatronix's ghost (amateur HuHu)
  3203 | D:3      | Noticed a phantom
  3223 | D:3      | Killed a phantom
  3224 | D:3      | Reached XP level 5. HP: 35/38 MP: 1/9
  3229 | D:3      | Learned a level 4 spell: Flame Wave
  3425 | D:3      | Found a faded altar of an unknown god.
  3822 | D:4      | Noticed Eustachio
  4082 | D:4      | Found a transporter.
  4083 | D:4      | Noticed a necrophage
  4085 | D:4      | Found a transporter.
  4105 | D:4      | Noticed mcsplat's ghost (amateur MiGl)
  4141 | D:4      | Killed Eustachio
  4142 | D:4      | Reached skill level 5 in Fire Magic
  4142 | D:4      | Reached XP level 6. HP: 46/46 MP: 0/11
  4247 | D:4      | Noticed a +0 dagger
  4247 | D:4      | Noticed a +0 hand axe
  4645 | D:4      | Found a hide-covered altar of Uskayaw.
  4696 | D:4      | Found a staircase to the Ecumenical Temple.
  4709 | Temple   | Entered the Ecumenical Temple
  4802 | Temple   | Became a worshipper of Vehumet
  5364 | D:5      | Entered Level 5 of the Dungeon
  5367 | D:5      | Your scales start taking on a golden yellow colour.
  5367 | D:5      | Reached XP level 7. HP: 51/51 MP: 10/13
  5367 | D:5      | Gained mutation: You are resistant to acid. (rCorr) [Yellow
                  | Draconian growth]
  5368 | D:5      | Noticed Edmund
  5496 | D:4      | Reached skill level 1 in Maces & Flails
  5550 | D:4      | Killed Edmund
  5903 | D:5      | Noticed Grinder
  5908 | D:5      | Killed Grinder
  5909 | D:5      | Reached skill level 1 in Fighting
  5909 | D:5      | Reached skill level 5 in Spellcasting
  5985 | D:5      | Reached XP level 8. HP: 59/59 MP: 8/15
  6043 | D:5      | Found Wist's Jewellery Boutique.
  6199 | D:5      | Learned a level 4 spell: Sticky Flame
  6202 | D:5      | Learned a level 2 spell: Static Discharge
  7098 | D:5      | Noticed Sigmund
  7107 | D:5      | Killed Sigmund
  7612 | D:6      | Reached * piety under Vehumet
  7612 | D:6      | Offered knowledge of Freeze by Vehumet.
  7721 | D:6      | Reached skill level 5 in Conjurations
  7817 | D:6      | Reached XP level 9. HP: 67/67 MP: 14/18
  8879 | D:6      | Found the +7 Singing Sword {vorpal, sonic wave}
  9320 | D:7      | Found an ornate altar of the Wu Jian Council.
  9853 | D:7      | Found a snail-covered altar of Cheibriados.
 10138 | D:8      | Reached ** piety under Vehumet
 10148 | D:8      | Offered knowledge of Sandblast by Vehumet.
 10310 | D:8      | Reached skill level 1 in Long Blades
 10312 | D:8      | Learned a level 1 spell: Sandblast
 10608 | D:8      | Noticed Erica
 10622 | D:8      | Killed Erica
 10623 | D:8      | Reached XP level 10. HP: 59/73 MP: 12/22
 11063 | D:8      | Found Vushri's Jewellery Boutique.
 11225 | D:9      | Found a transporter.
 11401 | D:9      | Offered knowledge of Poisonous Vapours by Vehumet.
 11620 | D:9      | Found a white marble altar of Elyvilon.
 11734 | D:9      | Found Jair's Magic Scroll Shoppe.
 11791 | D:9      | Reached *** piety under Vehumet
 11969 | D:9      | Found a staircase to the Lair.
 12039 | D:9      | Noticed a six-headed hydra
 12067 | D:9      | Offered knowledge of Stone Arrow by Vehumet.
 12078 | D:9      | Killed a six-headed hydra
 12468 | D:9      | Found a transporter.
 12629 | D:9      | Learned a level 3 spell: Stone Arrow
 12891 | D:3      | Found a transporter.
 12904 | D:3      | Killed Killmatronix's ghost
 13097 | D:4      | Killed mcsplat's ghost
 13098 | D:4      | Reached XP level 11. HP: 44/82 MP: 20/24
 13386 | D:10     | Entered Level 10 of the Dungeon
 13761 | D:10     | Reached skill level 5 in Long Blades
 14247 | D:10     | Noticed a two-headed ogre
 14254 | D:10     | Killed a two-headed ogre
 14417 | D:10     | Noticed a two-headed ogre
 14418 | D:10     | HP: 2/82 [two-headed ogre (7)]
 14431 | D:10     | Killed a two-headed ogre
 15063 | D:11     | Noticed a skeletal warrior
 15064 | D:11     | Noticed a skeletal warrior
 15065 | D:11     | Noticed a skeletal warrior
 15073 | D:11     | Slain by a skeletal warrior

Illustrated notes

Levels and vault maps discovered:
D:1:      minmay_arrival_stair_chambers, layout_loops_ring, st_stairs_2,
          minivault_24
D:2:      cheibrodos_old_hovel, layout_basic, kennysheep_minor_cross
D:3:      minmay_chambers_of_twos, layout_basic,
          dreamdust_ecumenical_altar_hidden_monk_grotto,
          gammafunk_ghost_mausoleum, amethyst_killhole
D:4:      layout_basic, dancing_weapons_uskayaw, minmay_temple_entry_nine_rooms,
          gammafunk_ghost_arena, uniq_eustachio
D:5:      layout_basic, serial_shops, nicolae_inconvenience_store,
          kennysheep_decorative_pillar, uniq_sigmund, uniq_grinder, uniq_edmund
D:6:      old_forge, layout_basic, hex_large
D:7:      layout_loops_ring, mainiacjoe_overflow_surrounded_room,
          mainiacjoe_overflow_alcove_1
D:8:      layout_basic, serial_shops, kennysheep_mini_moat, sword_in_stone,
          uniq_erica
D:9:      gammafunk_steamed_eel, layout_irregular_city,
          lemuel_coloured_pillars_altar, grunt_lair_entry_orc_guard_hut,
          serial_shops, nicolae_diamond_shop, minmay_joined_circles
D:10:     layout_small_grid, kennysheep_potato
D:11:     layout_small_grid, nicolae_trove_entry_isolated
Temple:   dpeg_five_rooms_temple

Skill      XL: |  1  2  3  4  5  6  7  8  9 10 11 |
---------------+----------------------------------+-----
Dodging        | 2 3 4 |  4.4
Fire Magic     | 4 5 6 7 8 9 |  9.5
Spellcasting   | 3 4 5 6 8 9 |  9.6
Conjurations   | 2 3 5 6 8 |  8.5
Maces & Flails | 2 |  2.4
Fighting       | 1 2 3 |  3.5
Long Blades    | 1 4 5 |  5.5
Stealth        | |  1.7

Action                   |  1- 3 |  4- 6 |  7- 9 | 10-12 || total
-------------------------+-------+-------+-------+-------++-------
Melee: Club              |     4 |       |       |       ||     4
       Whip              |     3 |    36 |    49 |       ||    88
       Tailslap          |       |     3 |     8 |    12 ||    23
       Mace              |       |       |    18 |       ||    18
       Double sword      |       |       |    16 |   104 ||   120
 Cast: Foxfire           |    69 |    81 |   245 |    91 ||   486
       Scorch            |     7 |    13 |    22 |     3 ||    45
       Flame Wave        |       |       |       |     6 ||     6
       Sticky Flame      |       |       |       |     4 ||     4
       Conjure Flame     |       |       |       |     2 ||     2
 Abil: Breathe Acid      |       |       |     2 |       ||     2
  Use: Scroll            |     2 |     9 |    10 |     3 ||    24
       Potion            |       |       |     1 |       ||     1
Armor: Skin              |     2 |    35 |    68 |    89 ||   194
Dodge: Dodged            |     6 |    29 |   101 |   113 ||   249
Block: Kite shield       |       |       |       |     4 ||     4

Table legend: (Time is in decaauts)
 A = Elapsed time spent in this place.
 B = Non-inter-level travel time spent in this place.
 C = Inter-level travel time spent in this place.
 D = Time resting spent in this place.
 E = Time spent auto-exploring this place.
 F = Levels seen in this place.
 G = Mean time per level.
                   A        B        C        D        E       F      G
               +--------+--------+--------+--------+--------+-----+--------+
         Total |  15146 |  14562 |    584 |   1040 |  11020 |  12 | 1262.2 |
       Dungeon |  14872 |  14338 |    534 |   1040 |  10811 |  11 | 1352.0 |
        Temple |    274 |    225 |     49 |      0 |    209 |   1 |  274.0 |
               +--------+--------+--------+--------+--------+-----+--------+

Top non-repeatable levels by time:
     D:4: 1809 daAuts
     D:6: 1763 daAuts
     D:5: 1718 daAuts
     D:3: 1707 daAuts
     D:9: 1634 daAuts
    D:10: 1568 daAuts
     D:2: 1328 daAuts
     D:8: 1283 daAuts
     D:1: 1140 daAuts
     D:7: 797 daAuts
  Temple: 274 daAuts
    D:11: 121 daAuts
